 Dungeon Crawl Stone Soup version 0.26-a0-497-g0187308201 (webtiles) character file.

Game seed: 14287141455477437630

2748 Murumi the Blocker (level 10, 0/79 HPs)
             Began as a Formicid Fighter on Aug 6, 2020.
             Was a Priest of Okawaru.
             Engulfed by a cloud of freezing vapour (7 damage)
             ... on level 7 of the Dungeon.
             The game lasted 00:34:45 (10459 turns).

Murumi the Blocker (Formicid Fighter)              Turns: 10459, Time: 00:34:45

Health: 0/79       AC: 15    Str: 20 (21) XL:     10   Next: 0%
Magic:  13/13      EV:  7    Int:  7 (9)  God:    Okawaru [***...]
Gold:   372        SH: 12    Dex:  9 (12) Spells: 9/9 levels left

rFire    . . .     SeeInvis +   a - +0 long sword
rCold    + . .     Faith    .   c - +1 kite shield
rNeg     . . .     Spirit   .   A - +0 plate armour (curse)
rPois    .         Reflect  .   (helmet unavailable)
rElec    .         Harm     .   d - +1 cloak {MR+}
rCorr    .                      (no gloves)
MR       ++...                  (no boots)
Stlth    ..........             (no amulet)
HPRegen  0.23/turn              e - ring of protection from cold
MPRegen  0.13/turn              (no ring)

@: no status effects
A: permanent stasis, dig shafts and tunnels, four strong arms, antennae 3
a: Dig, Shaft Self, Heroism, Renounce Religion


You were on level 7 of the Dungeon.
You worshipped Okawaru.
Okawaru was most pleased with you.
You visited 1 branch of the dungeon, and saw 7 of its levels.
You also visited: Ossuary.

You collected 372 gold pieces.

Inventory:

Hand Weapons
 a - a +0 long sword (weapon)
 u - the +6 dagger of Accidental Termination {antimagic, Str+7}
   (You found it on level 5 of the Dungeon)

   It reduces the magical energy of the wielder, and disrupts the spells and
   magical abilities of those hit.
   Natural abilities and divine invocations are not affected.
   It affects your strength (+7).
Missiles
 j - 78 bolts
Armour
 c - a +1 kite shield (worn)
 d - a +1 cloak of magic resistance (worn)
 w - a +0 tower shield
 A - a cursed +0 plate armour (worn)
Jewellery
 e - a ring of protection from cold (left hand)
 t - the ring of Dogma {rElec rF++ rC- rN+ Int+3}
   (You found it on level 5 of the Dungeon)

   [ring of positive energy]

   It affects your intelligence (+3).
   It greatly protects you from fire.
   It makes you vulnerable to cold.
   It insulates you from electricity.
   It protects you from negative energy.
 y - an uncursed amulet of reflection {unknown}
 z - an uncursed ring of protection from fire
Scrolls
 g - 4 scrolls of enchant weapon
 n - a scroll of amnesia
 o - 7 scrolls of remove curse
 p - 2 scrolls of enchant armour
Potions
 f - a potion of lignification {unknown}
 h - 2 potions of flight
 i - 3 potions of brilliance
 k - a potion of degeneration
 l - 5 potions of mutation
 m - a potion of haste {unknown}
 q - a potion of heal wounds {unknown}
 r - a potion of ambrosia {unknown}
 s - a potion of invisibility {unknown}
 v - 3 potions of curing
 x - 2 potions of might


   Skills:
 + Level 7.6 Fighting
 - Level 6.0 Long Blades
 - Level 7.0 Armour
 - Level 2.0 Dodging
 - Level 9.0 Shields
 - Level 4.0 Invocations


You had 9 spell levels left.
You didn't know any spells.
Your spell library contained the following spells:

 Spells                   Type           Power        Failure   Level
 Corona                   Hex            #......      100%        1
 Shock                    Conj/Air       #...         100%        1
 Searing Ray              Conj           #.....       100%        2
 Portal Projectile        Hex/Tloc       #.....       100%        3
 Freezing Cloud           Conj/Ice/Air   #.........   100%        6
 Controlled Blink         Tloc           Unusable     N/A         8

Dungeon Overview and Level Annotations

Branches:
Dungeon (7/15)             Temple (0/1) D:5         Ossuary (visited)

Altars:
Dithmenos
Makhleb
Okawaru
Sif Muna
Uskayaw
Yredelemnul
The Shining One

Shops:
D:4 :   D:5 *


Innate Abilities, Weirdness & Mutations

You cannot be hasted, slowed, berserked, paralysed or teleported.
You can dig through walls and to a lower floor.
Your four strong arms can wield two-handed weapons with a shield.
You have a pair of large antennae on your head. (SInv)


Message History

a club; a leather armour You are engulfed in freezing vapours.
You resist.
You are engulfed in freezing vapours.
You resist.
You are engulfed in freezing vapours.
You resist.
You are engulfed in freezing vapours.
You resist.
You are engulfed in freezing vapours.
You resist.
You are engulfed in freezing vapours.
You resist.
You are engulfed in freezing vapours.
You resist.
You are engulfed in freezing vapours.
You resist.
You are engulfed in freezing vapours.
You resist.
You are engulfed in freezing vapours.
You resist.
* * * LOW HITPOINT WARNING * * *
Okay, then.
You are engulfed in freezing vapours.
You resist.
* * * LOW HITPOINT WARNING * * *
It was a potion of degeneration.
There was something very wrong with that liquid.
You feel weakened.
You feel dopey.
You feel clumsy.
You are engulfed in freezing vapours.
You resist.
You die...

##.....###)# #.......
#....[....#####.......
#...#####.#....#......
############...#○○§#.#....#......
#.........##...#○#§#.#....#......
#.......#.##...#○#§#.#....#......
#.......#..#.###○#§#.#....#......
#.......##...###○#§#.#......##...
#...>...)......#@#§#)###....##...
#.......###.##.#○#§#.........'...
#.......# #.##.#○#§##....(..##...
######### #.##.#§#§##.##...######
#....#§#○##.##.### #
#..).#§#○##....# #
#....#§#○##....# #
#....#§#○##)...# #
#....#.#°##....# ###


There were no monsters in sight!

Vanquished Creatures
  The ghost of iamserjio the Skirmisher, an amateur GnAK of Lugonu (D:6)
  2 ice beasts
  An orc warrior (D:7)
  A sky beast (D:6)
  An ogre (D:7)
  A phantom (D:6)
  A centaur (D:6)
  3 scorpions
  3 killer bees (D:7)
  3 wights (D:6)
  7 electric eels (D:6)
  A bullfrog zombie (D:6)
  3 hounds
  5 orc wizards
  Crazy Yiuf (D:2)
  A centaur skeleton (D:6)
  2 orc priests
  A gnoll shaman (D:7)
  2 iguanas
  Jessica (D:2)
  9 worker ants
  A hound skeleton (D:4)
  14 mummies
  A worker ant zombie (D:7)
  12 gnolls
  4 adders
  2 shadow imps (D:6)
  An ufetubus (D:7)
  2 oozes (D:4)
  An adder skeleton (D:5)
  6 worms
  5 dart slugs
  A leopard gecko (D:3)
  20 orcs
  6 giant cockroaches
  9 goblins
  8 hobgoblins
  17 jackals
  2 quokkas
  A ball python (D:3)
  8 bats
  4 frilled lizards
  2 gnoll skeletons (Ossuary)
  A goblin skeleton (Ossuary)
  9 kobolds
  A kobold skeleton (Ossuary)
  3 leopard gecko skeletons
  4 orc skeletons (Ossuary)
  A quokka skeleton (D:6)
  9 rats
  11 rat skeletons (Ossuary)
216 creatures vanquished.

Vanquished Creatures (others)
  An orc priest (D:7)
  An ooze (D:4)
2 creatures vanquished.

Grand Total: 218 creatures vanquished

Notes
Turn   | Place    | Note
-------+----------+-------------------------------------------
     0 | D:1      | Murumi the Formicid Fighter began the quest for the Orb.
     0 | D:1      | Reached XP level 1. HP: 18/18 MP: 1/1
   229 | D:1      | Reached skill level 1 in Dodging
   243 | D:1      | Reached XP level 2. HP: 24/24 MP: 2/2
   284 | D:1      | Reached skill level 4 in Shields
   527 | D:1      | Reached XP level 3. HP: 28/30 MP: 3/3
  1097 | D:2      | Noticed Jessica
  1119 | D:2      | Killed Jessica
  1119 | D:2      | Reached XP level 4. HP: 35/37 MP: 4/4
  1632 | D:2      | Found a runed translucent door.
  1633 | D:2      | Noticed Crazy Yiuf
  1972 | D:2      | Reached XP level 5. HP: 42/42 MP: 5/5
  2174 | D:2      | Killed Crazy Yiuf
  2378 | D:3      | Reached skill level 5 in Shields
  2558 | D:3      | Found a basalt altar of Yredelemnul.
  3003 | D:4      | Reached XP level 6. HP: 24/48 MP: 6/6
  3341 | D:4      | Found an iron altar of Okawaru.
  3346 | D:4      | Became a worshipper of Warmaster Okawaru
  3606 | D:4      | Reached skill level 5 in Fighting
  3619 | D:4      | Reached skill level 1 in Invocations
  3634 | D:4      | Reached XP level 7. HP: 29/56 MP: 6/8
  3790 | D:4      | Found Ubaozef's Book Boutique.
  4212 | D:4      | Reached * piety under Okawaru
  4212 | D:4      | Reached skill level 5 in Armour
  4887 | D:5      | Entered Level 5 of the Dungeon
  5008 | D:5      | Reached skill level 6 in Shields
  5026 | D:5      | Found a shimmering blue altar of Sif Muna.
  5094 | D:5      | Reached XP level 8. HP: 43/62 MP: 10/10
  5338 | D:5      | Got a vibrating platinum ring
  5340 | D:5      | Identified the ring of Dogma {rElec rF++ rC- rN+ Int+3}
                  | (You found it on level 5 of the Dungeon)
  5342 | D:5      | Got a warped dagger
  5343 | D:5      | Identified the +6 dagger of Accidental Termination
                  | {antimagic, Str+7} (You found it on level 5 of the Dungeon)
  5567 | D:5      | Found a shadowy altar of Dithmenos.
  5766 | D:5      | Reached skill level 7 in Shields
  5768 | D:5      | Identified Sif Muna's Volume of Enchantment
  5944 | D:5      | Found a faded altar of an unknown god.
  5946 | D:5      | Found a staircase to the Ecumenical Temple.
  6103 | D:5      | Found Lesaoj's Luxury Loot.
  6548 | D:6      | Found a transporter.
  6552 | D:6      | Noticed iamserjio's ghost (amateur GnAK)
  6559 | D:6      | Found a transporter.
  6603 | D:6      | Found a burning altar of Makhleb.
  6603 | D:6      | Found a glowing golden altar of the Shining One.
  6692 | D:6      | Reached ** piety under Okawaru
  6692 | D:6      | Reached skill level 5 in Long Blades
  6881 | D:6      | Found a sand-covered staircase.
  6885 | Ossuary  | Entered an ossuary
  7824 | Ossuary  | Reached XP level 9. HP: 50/69 MP: 12/12
  8119 | D:6      | Reached skill level 8 in Shields
  8921 | D:6      | Identified the Guide on the Destructive Voyage
  9239 | D:6      | Found a hide-covered altar of Uskayaw.
  9337 | D:6      | Killed iamserjio's ghost
  9982 | D:7      | Reached skill level 9 in Shields
 10054 | D:7      | Reached *** piety under Okawaru
 10320 | D:7      | Reached XP level 10. HP: 72/79 MP: 13/13
 10459 | D:7      | Engulfed by a cloud of freezing vapour

Illustrated notes

Levels and vault maps discovered:
D:1:      dpeg_arrival_castle, layout_basic, minmay_pentomino_s4
D:2:      layout_basic, kennysheep_crisscross, uniq_jessica,
          uniq_crazy_yiuf_cottage
D:3:      layout_basic, old_standard_altar, grunt_decor_mini_mirrors
D:4:      layout_layer_cave, okawaru_trees_2, serial_shops, shop,
          lemuel_flame_loot_1
D:5:      layout_basic, lemuel_doored_altar, led_sif_book,
          nicolae_temple_entry_ecumenical, serial_co_window_serial,
          co_window_paths_a, co_window_paths_b, co_window_corner_a,
          co_window_paths_b, co_window_corner_a, co_window_of_opportunity_a,
          co_window_of_opportunity_a, co_window_of_opportunity_a,
          co_window_paths_b, co_window_unsneaky_path_d, co_window_broadway_b,
          glass_columns_a, glass_columns_b, glass_columns_a,
          nicolae_alphabet_shops
D:6:      layout_cave_pools, kennysheep_mini,
          gammafunk_temple_overflow_elements,
          lightli_ossuary_entry_decrepit_ruins, gammafunk_ghost_mausoleum,
          kennysheep_boxes
D:7:      lemuel_ice_spiral_2, layout_basic

Skill      XL: |  1  2  3  4  5  6  7  8  9 |
---------------+----------------------------+-----
Dodging        | 1 2 |  2.0
Shields        | 4 5 6 7 9 |  9.0
Fighting       | 4 5 6 7 |  7.6
Armour         | 4 5 6 7 |  7.0
Long Blades    | 3 4 5 6 |  6.0
Invocations    | 2 3 4 |  4.0

Action                   |  1- 3 |  4- 6 |  7- 9 | 10-12 || total
-------------------------+-------+-------+-------+-------++-------
Melee: Long sword        |    95 |   245 |   629 |    10 ||   979
Invok: Heroism           |       |       |     5 |       ||     5
 Abil: Dig               |       |     1 |     4 |       ||     5
  Use: Scroll            |     2 |     4 |    10 |       ||    16
       Potion            |       |     1 |       |     1 ||     2
 Stab: Distracted        |       |     1 |     1 |       ||     2
Armor: Scale mail        |    32 |    94 |   125 |       ||   251
       Plate armour      |       |       |     4 |     2 ||     6
Dodge: Dodged            |    34 |    73 |   166 |     1 ||   274
Block: Kite shield       |    28 |   118 |   292 |     3 ||   441
       Rpst.: Long sword |    11 |    27 |    62 |       ||   100

Table legend: (Time is in decaauts)
 A = Elapsed time spent in this place.
 B = Non-inter-level travel time spent in this place.
 C = Inter-level travel time spent in this place.
 D = Time resting spent in this place.
 E = Time spent auto-exploring this place.
 F = Levels seen in this place.
 G = Mean time per level.
                   A        B        C        D        E       F      G
               +--------+--------+--------+--------+--------+-----+--------+
         Total |  10692 |  10061 |    631 |    772 |   6779 |   8 | 1336.5 |
       Dungeon |   9504 |   8873 |    631 |    772 |   5878 |   7 | 1357.7 |
       Ossuary |   1188 |   1188 |      0 |      0 |    901 |   1 | 1188.0 |
               +--------+--------+--------+--------+--------+-----+--------+

Top non-repeatable levels by time:
     D:6: 1992 daAuts
     D:4: 1771 daAuts
     D:5: 1503 daAuts
     D:2: 1241 daAuts
 Ossuary: 1188 daAuts
     D:1: 1118 daAuts
     D:3: 970 daAuts
     D:7: 907 daAuts
